 Dungeon Crawl Stone Soup version 0.28.0 (webtiles) character file.

Game seed: 9854938678344630338

867 issech the Cudgeller (level 7, -1/68 HPs)
             Began as a Troll Monk on Feb 13, 2022.
             Slain by a hornet (4 damage)
             ... on level 5 of the Dungeon.
             The game lasted 00:15:03 (3934 turns).

issech the Cudgeller (Troll Monk)                   Turns: 3934, Time: 00:15:03

Health: -1/68      AC: 13    Str: 20    XL:     7   Next: 73%
Magic:  6/6        EV: 11    Int:  6    God:
Gold:   174        SH:  5    Dex: 14    Spells: 6/6 levels left

rFire   . . .      SeeInvis .   a - +0 mace
rCold   . . .      Faith    .   (no shield)
rNeg    . . .      Spirit   .   b - +0 robe
rPois   .          Reflect  +   (helmet restricted)
rElec   .          Harm     .   n - +0 cloak
rCorr   .          Rampage  .   (gloves unavailable)
Will    .....                   (boots unavailable)
Stlth   ++........              v - amulet of reflection
HPRegen 1.01/turn               h - +4 ring of protection
MPRegen 0.10/turn               A - +4 ring of protection

@: lethally poisoned (-1 -> -3), slowed, very slow
A: large, unfitting armour, claws 3, regeneration 1, shaggy fur 1, tough skin 1
a: no special abilities


You were on level 5 of the Dungeon.
You visited 1 branch of the dungeon, and saw 5 of its levels.

You collected 174 gold pieces.

Inventory:

Hand Weapons
 a - a +0 mace (weapon)
 m - a +0 flail
 z - a +0 halberd
Missiles
 j - 67 stones (quivered)
 o - a throwing net
 y - 16 bolts
Armour
 b - a +0 robe (worn)
 n - a +0 cloak (worn)
Jewellery
 h - a +4 ring of protection (left claw)
 r - a +6 ring of strength
 t - a ring of positive energy
 v - an amulet of reflection (around neck)
 A - a +4 ring of protection (right claw)
Scrolls
 c - 2 scrolls of fear {unknown}
 d - 2 scrolls of identify {unknown}
 i - a scroll of noise {unknown}
 u - 3 scrolls of immolation {unknown}
 w - a scroll of fog {unknown}
 x - 3 scrolls of teleportation {unknown}
Potions
 e - a potion of brilliance {unknown}
 f - 2 potions of might {unknown}
 g - 2 potions of ambrosia {unknown}
 k - 2 potions of flight {unknown}
 l - 3 potions of curing {unknown}
 p - 2 potions of haste {unknown}
 q - a potion of degeneration {unknown}
 s - a potion of heal wounds {unknown}


   Skills:
 + Level 3.7 Fighting
 + Level 6.0 Maces & Flails
 + Level 4.6 Dodging
 + Level 1.3 Stealth
 + Level 1.4 Shields


You had 6 spell levels left.
You didn't know any spells.
Your spell library contained the following spells:

 Spells                   Type           Power      Damage    Failure   Level
 Airstrike                Air            0%         N/A       99%         4
 Summon Lightning Spire   Summ/Air       0%         N/A       99%         4
 Lightning Bolt           Conj/Air       0%         1d11      100%        5


Dungeon Overview and Level Annotations

Branches:
Dungeon (5/15)
 Temple: D:4-7

Altars:
Gozag
Nemelex Xobeh

Annotations:
D:4 1 runed translucent door, Konebred's ghost, amateur HOMo


Innate Abilities, Weirdness & Mutations

You are too large for most types of armour.
You have claws for hands.
Your natural rate of healing is unusually fast.
You are covered in fur. (AC +1)
You have tough skin. (AC +1)


Message History

You feel yourself slow down.
You feel very sick. The hornet stings you!
You feel as though you will be slow longer.
You feel sick. The hornet stings you!
You suddenly lose the ability to move!
You can move again.
You feel sick. The hornet barely misses you. x2
You feel sick. You block the hornet's attack.
You feel yourself speed up.
You feel sick.
You are no longer poisoned.
A scorpion comes into view.
The hornet stings you!
You are poisoned.
You feel yourself slow down.
You feel yourself speed up.
You feel very sick.
The hornet stings you but does no damage.
The scorpion closely misses you. The hornet stings you!
You suddenly lose the ability to move!
You feel sick.
The scorpion stings you but does no damage.
The hornet stings you!
* * * LOW HITPOINT WARNING * * *
You feel yourself slow down.
You can move again.
You feel yourself speed up.
You feel sick. The hornet barely misses you.
You feel sick. The hornet completely misses you.
You feel sick.
A hound comes into view.
The scorpion closely misses you.
You feel sick. The hornet stings you!
* * * LOW HITPOINT WARNING * * *
You are more poisoned.
You feel yourself slow down.
* * * LOW HITPOINT WARNING * * *
You feel very sick. The hornet stings you.
You die...

....# #####.#.#.#.# ####.#####
....####.#.#...#.#.#####.##......
....##.#...........#.#.#..#......
....#....##.....##.......##......
....##...............#...........
....##...h#.###.#....#....#.###'#
....##...............#...........
....#....##.....##s......##.....#
####†#.#........@ys#.#.#.........
# #...#.#.#...#.#.#...#.#.#...#)
#..........#.#.#...........#.#.#.
###.....##.......##.....##.......
.#...........#...............#...
.##.###.#....#....#.###.#...?#...
.#.. ......#...............#...
###. .##.......##.....##....... #
.. .. .#. ........#.#.#.


You could see a hornet, 2 scorpions and a hound (wandering).

Vanquished Creatures
  2 phantoms (D:4)
  2 scorpions
  2 water moccasin skeletons
  A howler monkey (D:5)
  A gnoll shaman (D:4)
  2 hounds (D:4)
  2 jellies (D:4)
  An iguana (D:4)
  An orc wizard (D:4)
  11 gnolls
  7 adders
  A white imp (D:5)
  An adder zombie (D:5)
  2 worms (D:2)
  3 dart slugs
  3 orcs
  3 bats
  5 endoplasms
  3 giant cockroaches
  6 hobgoblins
  8 jackals (D:2)
  4 kobolds
  2 quokkas (D:1)
  6 ball pythons
  A frilled lizard (D:1)
  6 goblins
  7 rats
93 creatures vanquished.

Vanquished Creatures (others)
  3 fungi (D:2)
  4 plants (D:2)
  2 withered plants (D:4)
9 creatures vanquished.

Grand Total: 102 creatures vanquished

Notes
Turn   | Place    | Note
-------+----------+-------------------------------------------
     0 | D:1      | issech the Troll Monk began the quest for the Orb.
     0 | D:1      | Reached XP level 1. HP: 22/22 MP: 0/0
   217 | D:1      | Reached XP level 2. HP: 29/29 MP: 1/1
   472 | D:1      | Reached skill level 3 in Maces & Flails
   711 | D:2      | Reached XP level 3. HP: 33/36 MP: 2/2
  1063 | D:1      | Reached XP level 4. HP: 32/45 MP: 3/3
  1270 | D:2      | Found a faded altar of an unknown god.
  1958 | D:3      | Reached skill level 4 in Maces & Flails
  1982 | D:3      | HP: 1/45 [gnoll (3)]
  2021 | D:3      | Reached XP level 5. HP: 35/53 MP: 4/4
  2394 | D:3      | Found a sparkling altar of Nemelex Xobeh.
  2756 | D:3      | Reached XP level 6. HP: 61/61 MP: 5/5
  3015 | D:4      | Reached skill level 5 in Maces & Flails
  3068 | D:4      | Found an opulent altar of Gozag.
  3134 | D:4      | Found a runed translucent door.
  3134 | D:4      | Noticed Konebred's ghost (amateur HOMo)
  3360 | D:4      | Reached XP level 7. HP: 64/67 MP: 6/6
  3455 | D:4      | Reached skill level 1 in Shields
  3583 | D:5      | Entered Level 5 of the Dungeon
  3844 | D:5      | Reached skill level 6 in Maces & Flails
  3913 | D:5      | Noticed a hornet
  3919 | D:5      | Paralysed by a hornet for 1 turns
  3924 | D:5      | Paralysed by a hornet for 1 turns
  3928 | D:5      | Paralysed by a hornet for 2 turns
  3934 | D:5      | HP: 3/68 [poisoned by a hornet]
  3934 | D:5      | Slain by a hornet

Illustrated notes

Levels and vault maps discovered:
D:1:      ncdulo_wetmaze, layout_loops_ring
D:2:      layout_basic, shapermc_ecumenical_altar_ellora, hangedman_decor_push
D:3:      layout_basic, lemuel_tele_altar
D:4:      layout_gridville, nicolae_gozag_seed_capital, gammafunk_ghost_grave,
          minivault_23
D:5:      nicolae_cairo_tiling_large_dashed, layout_basic, fedhas_altar_1,
          fountainhead

Skill      XL: |  1  2  3  4  5  6  7 |
---------------+----------------------+-----
Maces & Flails | 3 4 5 6 |  6.0
Fighting       | 3 |  3.7
Dodging        | 3 4 |  4.6
Shields        | 1 |  1.4
Stealth        | |  1.3

Action                   |  1- 3 |  4- 6 |  7- 9 || total
-------------------------+-------+-------+-------++-------
Melee: Mace              |   114 |   222 |   121 ||   457
 Stab: Sleeping          |     2 |     2 |       ||     4
Armor: Robe              |    64 |    92 |    69 ||   225
Dodge: Dodged            |   102 |   133 |    72 ||   307
Block: Other             |       |    45 |    23 ||    68
       Reflection        |       |     2 |     1 ||     3
